AoeStats
← Heisenberg

Arabia

509893215Analyzed
1v1 RM · 3d ago on Sep 28, 2026· 34m 59s· 2 players
Game mode
Random Map
Map size
Tiny (2 player)
Population
200
Speed
Normal
Resources
Standard
Victory
Conquest
Starting age
Dark Age
Ending age
Imperial Age
RankedLock teamsTeams togetherTeam positionsShared explorationLock speedFull tech treeHidden civsTurbo modeCheats
Victory
Defeat
🇯🇵 Mongols · Japan
1528
+17
🇩🇪 Mongols · Germany
1539
-17
Thomas2311
8:11 Feudal Age
8:57 Double-Bit Axe
8:55 Horse Collar
13:04 Town Watch
13:19 Loom
14:54 Wheelbarrow
15:21 Bloodlines
19:56 Castle Age
18:12 Gold Mining
19:27 Fletching
20:10 Padded Archer Armor
20:56 Bow Saw
21:38 Gold Shaft Mining
21:07 Husbandry
21:57 Pikeman
29:00 Ballistics
32:44 Bodkin Arrow
33:55 Scale Barding Armor
34:11 Light Cavalry
Heisenberg
8:16 Feudal Age
8:46 Double-Bit Axe
9:09 Loom
14:36 Town Watch
19:30 Castle Age
19:35 Bloodlines
19:32 Scale Barding Armor
19:38 Forging
19:48 Horse Collar
20:42 Bow Saw
23:52 Husbandry
25:37 Elite Skirmisher
26:10 Fletching
28:34 Bodkin Arrow
28:40 Padded Archer Armor
33:08 Gold Mining
35:49 Ballistics
35:47 Leather Archer Armor
Connection lost

Rejoining the realm…

Still unreachable

The connection could not be restored.

Session expired

The server has moved on; the page needs a fresh start.